 Dungeon Crawl Stone Soup version 0.21-a0-529-g8c7b3f5 (webtiles) character file.

46 slep the Shield-Bearer (level 3, -6/29 HPs)
             Began as a Formicid Fighter on Dec 12, 2017.
             Mangled by Vyxn's ghost (8 damage)
             ... on level 3 of the Dungeon.
             The game lasted 00:03:42 (1096 turns).

slep the Shield-Bearer (Formicid Fighter)           Turns: 1096, Time: 00:03:42

Health: -6/29      AC:  7    Str: 20    XL:     3   Next: 95%
Magic:  3/3        EV:  8    Int:  7    God:
Gold:   89         SH:  9    Dex: 11    Spells: 2/2 levels left

rFire    . . .     SeeInvis +   a - +0 war axe
rCold    . . .     Gourm    .   c - +0 shield
rNeg     . . .     Faith    .   b - +0 scale mail
rPois    .         Spirit   .   (helmet unavailable)
rElec    .         Reflect  .   (no cloak)
rCorr    .         Harm     .   (no gloves)
MR       .....                  (no boots)
Stlth    ..........             (no amulet)
HPRegen  0.09/turn              (no ring)
MPRegen  0.08/turn              (no ring)

@: no status effects
A: permanent stasis, dig shafts and tunnels, four strong arms, antennae 3
a: Dig, Shaft Self


You were on level 3 of the Dungeon.
You were not hungry.

You visited 1 branch of the dungeon, and saw 3 of its levels.

You collected 89 gold pieces.

Inventory:

Hand Weapons
 a - a +0 war axe (weapon)
Armour
 b - a +0 scale mail (worn)
 c - a +0 shield (worn)
Scrolls
 h - 5 scrolls of remove curse {unknown}
 i - a scroll of enchant weapon {unknown}
 l - a scroll of fog {unknown}
 n - a scroll of teleportation {unknown}
 q - a scroll of amnesia {unknown}
Potions
 d - 2 potions of might
 e - a potion of ambrosia {unknown}
 k - a potion of resistance {unknown}
 m - a potion of brilliance {unknown}
 o - a potion of mutation {unknown}
 p - a potion of curing {unknown}
 r - a potion of heal wounds {unknown}
Comestibles
 f - 3 bread rations
 g - 2 royal jellies
 j - a meat ration


   Skills:
 + Level 3.6 Fighting
 + Level 2.6 Axes
 + Level 3.8 Armour
 + Level 0.1 Dodging
 + Level 4.2 Shields


You had 2 spell levels left.
You didn't know any spells.

Dungeon Overview and Level Annotations

Branches:
Dungeon (3/15)

Altars:
Hepliaklqana
Makhleb
Ru
Sif Muna
Yredelemnul
The Shining One

Annotations:
D:3 Vyxn's ghost, amateur SpGl


Innate Abilities, Weirdness & Mutations

You cannot be hasted, slowed, berserked, paralysed or teleported.
You can dig through walls and to a lower floor.
Your four strong arms can wield two-handed weapons with a shield.
You have a pair of large antennae on your head. (SInv)


Message History

Vyxn's ghost is moderately damaged.
You block Vyxn's ghost's attack.
The orc wizard casts a spell.
The orc wizard flickers and vanishes for a moment.
An orc comes into view.
You miss Vyxn's ghost.
Vyxn's ghost is moderately damaged.
The orc shouts!
Vyxn's ghost hits you.
* * * LOW HITPOINT WARNING * * *
You block Vyxn's ghost's attack.
An orc comes into view. It is wielding a club.
The orc suddenly cheers.
Vyxn's ghost hits you.
* * * LOW HITPOINT WARNING * * *
Vyxn's ghost ducks and says, "Too high!"
Vyxn's ghost hits you but does no damage.
You block Vyxn's ghost's attack. Vyxn's ghost hits you!
You die...

#......# #....o.#
#......# #####o##
#.# #o# #.#.# #
#.# #.#<# .# #W#
#.#.####.# #@#
###.#......# #.#
#.........# #.#
#.........#
#.###.........#
#.......รท.....#
#..|..........####
#.......####<.....
#....#### #######
#....#


You could see an orc wizard (invisible), Vyxn's ghost and 2 orcs.

Vanquished Creatures
  An ooze (D:1)
  4 giant cockroaches
  7 goblins
  5 hobgoblins
  2 jackals (D:1)
  2 ball pythons (D:1)
  2 bats (D:1)
  2 frilled lizards
  7 kobolds
  6 rats
38 creatures vanquished.

Notes
Turn   | Place    | Note
-------+----------+-------------------------------------------
     0 | D:1      | slep the Formicid Fighter began the quest for the Orb.
     0 | D:1      | Reached XP level 1. HP: 18/18 MP: 1/1
    52 | D:1      | Reached XP level 2. HP: 19/24 MP: 2/2
   120 | D:1      | Reached skill level 4 in Shields
   137 | D:1      | Reached XP level 3. HP: 11/29 MP: 3/3
   716 | D:2      | Found a deep blue altar of Sif Muna.
   717 | D:2      | Found a glowing golden altar of the Shining One.
   717 | D:2      | Found a burning altar of Makhleb.
   717 | D:2      | Found a hazy altar of Hepliaklqana.
   720 | D:2      | Found a sacrificial altar of Ru.
   721 | D:2      | Found a basalt altar of Yredelemnul.
  1078 | D:3      | Noticed Vyxn's ghost (amateur SpGl)
  1096 | D:3      | Mangled by Vyxn's ghost

Vault maps used:
D:1:      dpeg_arrival_arbitrary_c
D:2:      minitemple, kennysheep_cross_room, minivault_24
D:3:      vehumet_crystals, lemuel_round_altar, first_bread

Skill      XL: |  1  2 |
---------------+-------+-----
Shields        | 4 |  4.2
Fighting       | |  3.6
Axes           | |  2.6
Armour         | |  3.8
Dodging        | |  0.1

Action                   || total
-------------------------++-------
Melee: War axe           ||   103
  Eat: Chunk             ||     1
Armor: Scale mail        ||    50
Dodge: Dodged            ||    26
Block: Shield            ||    72

Table legend:
 A = Spawn XP
 B = Non-spawn XP
 C = Spawn XP percentage of total XP
 D = Spawn monster count
 E = Non-spawn monster count
 F = Spawn count percentage of total count
 G = Total turns spent on level
                    A         B        C        D         E        F      G
               +---------+---------+-------+---------+---------+-------+---------
         Total |       0 |      67 |   0.0 |       0 |      38 |   0.0 |  1096
               +---------+---------+-------+---------+---------+-------+---------
           D:1 |       0 |      51 |   0.0 |       0 |      28 |   0.0 |   388
           D:2 |       0 |      15 |   0.0 |       0 |       9 |   0.0 |   662
           D:3 |       0 |       1 |   0.0 |       0 |       1 |   0.0 |    46
               +---------+---------+-------+---------+---------+-------+---------
